 Dungeon Crawl Stone Soup version 0.21-a0-265-gb353147 (webtiles) character file.

95 Dylgear the Skirmisher (level 4, -5/41 HPs)
             Began as a Minotaur Fighter on Sept 11, 2017.
             Slain by Sigmund
             ... wielding a +0 scythe of distortion
              (11 damage)
             ... on level 2 of the Dungeon.
             The game lasted 00:06:22 (1128 turns).

Dylgear the Skirmisher (Minotaur Fighter)           Turns: 1128, Time: 00:06:22

Health: -5/41      AC:  7    Str: 26    XL:     4   Next: 40%
Magic:  3/3        EV:  7    Int: 10    God:
Gold:   61         SH: 10    Dex: 10    Spells: 3/3 levels left

rFire    . . .     SeeInvis .   a - +0 war axe
rCold    . . .     Gourm    .   c - +0 shield
rNeg     . . .     Faith    .   b - +0 scale mail
rPois    .         Spirit   .   (helmet restricted)
rElec    .         Reflect  .   (no cloak)
rCorr    .         Harm     .   (no gloves)
MR       .....                  (no boots)
Stlth    ..........             (no amulet)
HPRegen  0.13/turn              (no ring)
MPRegen  0.08/turn              (no ring)

@: mighty, brilliant
A: retaliatory headbutt, horns 2
a: no special abilities


You were on level 2 of the Dungeon.
You were not hungry.

You visited 1 branch of the dungeon, and saw 2 of its levels.

You collected 61 gold pieces.

Inventory:

Hand Weapons
 a - a +0 war axe (weapon)
Missiles
 i - 2 javelins (quivered)
Armour
 b - a +0 scale mail (worn)
 c - a +0 shield (worn)
Scrolls
 j - a scroll of magic mapping {unknown}
 k - a scroll of recharging {unknown}
 l - a scroll of enchant armour {unknown}
 m - 2 scrolls of blinking {unknown}
 o - a scroll of noise {unknown}
Potions
 d - a potion of might
 e - a potion of brilliance
 p - a potion of ambrosia {unknown}
Comestibles
 f - 2 bread rations
 g - 7 chunks of flesh
 h - a royal jelly


   Skills:
 + Level 4.6 Fighting
 + Level 3.7 Axes
 + Level 4.5 Armour
 + Level 0.1 Stealth
 + Level 3.8 Shields


You had 3 spell levels left.
You didn't know any spells.

Dungeon Overview and Level Annotations

Branches:
Dungeon (2/15)

Altars:
Ashenzari
Vehumet

Annotations:
D:2 Sigmund


Innate Abilities, Weirdness & Mutations

You reflexively headbutt those who attack you in melee.
You have a pair of horns on your head.


Message History

You miss the rat. The rat bites you but does no damage.
Sigmund closely misses you.
You're too confused to move!
The rat bites you.
You miss the rat. Your headbutt misses the rat.
Sigmund gestures wildly while chanting.
Sigmund flickers and vanishes!
Deactivating autopickup; reactivate with Ctrl-A.
The rat misses you. Something hits you! Space bends around you.
Unknown command.
You bump into the rock wall.
You feel less confused. The rat bites you but does no damage.
It was a potion of curing.
You feel better. The rat bites you but does no damage. Something hits you!
Space warps horribly around you!
You feel very mighty all of a sudden. You block the rat's attack.
Something hits you!
* * * LOW HITPOINT WARNING * * *
Space warps horribly around you!
You die...

#...# #.#
###..........)....
###.######.#
#........#########
#..........#
#.###.#..#
#.###......#####.#
###..# ..
#...##.......# #..#
.##
##.#########.#####..#
.# #.# #........# .#
#.# ##.#.#.#.## .#
#.# #.@#.##..## #.#
#.r........# #.#
#####{.#######.# ..#
#......#
............#
###r####.# #? ..# #
#.# #.#


You could see a rat.

Vanquished Creatures
  A gnoll (D:1)
  3 adders (D:2)
  An ooze (D:2)
  A dart slug (D:1)
  3 leopard geckos
  5 orcs (D:2)
  3 bats (D:1)
  2 giant cockroaches (D:2)
  9 goblins
  5 hobgoblins
  A quokka (D:2)
  2 frilled lizards
  3 kobolds
  6 rats
45 creatures vanquished.

Notes
Turn   | Place    | Note
-------+----------+-------------------------------------------
     0 | D:1      | Dylgear the Minotaur Fighter began the quest for the Orb.
     0 | D:1      | Reached XP level 1. HP: 19/19 MP: 0/0
   107 | D:1      | Reached XP level 2. HP: 26/27 MP: 1/1
   248 | D:1      | Found a shattered altar of Ashenzari.
   259 | D:1      | Reached XP level 3. HP: 33/33 MP: 2/2
   772 | D:2      | Found a faded altar of an unknown god.
   834 | D:2      | Reached XP level 4. HP: 35/41 MP: 3/3
   849 | D:2      | Found a radiant altar of Vehumet.
  1115 | D:2      | Noticed Sigmund
  1128 | D:2      | Slain by Sigmund

Vault maps used:
D:1:      ncdulo_lavacross, minmay_misc_feat_tiny, roderic_roman_lattice,
          ashenzari_altar_1
D:2:      okawaru_altar_gauntlet_db, vehumet_crystals,
          chequers_ecumenical_altar_island, uniq_sigmund

Skill      XL: |  1  2  3 |
---------------+----------+-----
Fighting       | 4 |  4.6
Armour         | 4 |  4.5
Axes           | 3 |  3.7
Stealth        | |  0.1
Shields        | |  3.8

Action                   |  1- 3 |  4- 6 || total
-------------------------+-------+-------++-------
Melee: War axe           |    67 |    30 ||    97
       Headbutt          |     4 |     2 ||     6
  Use: Potion            |       |     3 ||     3
  Eat: Chunk             |       |     1 ||     1
Armor: Scale mail        |    28 |    10 ||    38
Dodge: Dodged            |    20 |    12 ||    32
Block: Shield            |    29 |     8 ||    37

Table legend:
 A = Spawn XP
 B = Non-spawn XP
 C = Spawn XP percentage of total XP
 D = Spawn monster count
 E = Non-spawn monster count
 F = Spawn count percentage of total count
 G = Total turns spent on level
                    A         B        C        D         E        F      G
               +---------+---------+-------+---------+---------+-------+---------
         Total |       0 |     137 |   0.0 |       0 |      45 |   0.0 |  1128
               +---------+---------+-------+---------+---------+-------+---------
           D:1 |       0 |      50 |   0.0 |       0 |      22 |   0.0 |   735
           D:2 |       0 |      87 |   0.0 |       0 |      23 |   0.0 |   393
               +---------+---------+-------+---------+---------+-------+---------
